| TOP OF THE 1ST |
|
Blacksburg Tribe batting - Pitching for Waynesboro Braves : RHP Scott Skripko
|
|
Pitching: RHP Scott Skripko
|
|
|
Batting: RHB Jesus Alcala
|
0-0: Called Strike 0-1: Ball 1-1: Fly out, F7 (Flyball, 7, EV 88.8 MPH)
|
|
Batting: SHB Luis Martinez
|
0-0: Ball 1-0: Called Strike 1-1: Ball 2-1: Ball 3-1: Base on Balls
|
|
Batting: LHB George Cecchetti
|
0-0: Ball Luis Martinez steals 2nd base 1-0: Ball 2-0: Ball 3-0: Called Strike 3-1: Called Strike 3-2: Foul Ball, location: 2F 3-2: SINGLE (Groundball, 34S, EV 70.6 MPH) (infield hit) Luis Martinez to third
|
|
Batting: RHB Alwin Creel
|
0-0: Ball 1-0: Ball George Cecchetti steals 2nd, throwing error, E2 Luis Martinez scores George Cecchetti to third 2-0: Ball 3-0: Called Strike 3-1: 2-RUN HOME RUN (Flyball, 7D, EV 98.8 MPH), Distance : 384 ft
|
|
Batting: RHB Omar Mora
|
0-0: Ball 1-0: Called Strike 1-1: Called Strike 1-2: DOUBLE (Line Drive, 3D, EV 105.0 MPH)
|
|
Batting: LHB Jose Infante
|
0-0: Ground out 5-3 (Groundball, 5D, EV 108.1 MPH)
|
|
Batting: RHB Mike Isherwood
|
0-0: Called Strike 0-1: Foul Ball, location: 2F 0-2: Ball 1-2: SINGLE (Groundball, 6MD, EV 107.5 MPH) Omar Mora to third Runner from 3rd tries for Home, SAFE, throw by CF to home Mike Isherwood to second
|
|
Batting: RHB Michael Lanum
|
0-0: Ball 1-0: Ball 2-0: Swinging Strike Balk! Mike Isherwood to third 2-1: DOUBLE (Line Drive, 9LM, EV 88.1 MPH) Mike Isherwood scores
|
|
Batting: RHB Angel Rodriguez
|
0-0: Called Strike 0-1: Called Strike 0-2: Foul Ball, location: 2F 0-2: Ground out 6-3 (Groundball, 6MS, EV 61.9 MPH)
|
| Top of the 1st over - 5 runs, 5 hits, 1 error, 1 left on base; Blacksburg 5 - Waynesboro 0 |
| BOTTOM OF THE 1ST |
|
Waynesboro Braves batting - Pitching for Blacksburg Tribe : RHP Fernando Perez
|
|
Pitching: RHP Fernando Perez
|
|
|
Batting: RHB Tony Woods
|
0-0: Called Strike 0-1: Foul Ball, location: 2F 0-2: Ball 1-2: DOUBLE (Flyball, 8RXD, EV 98.8 MPH)
|
|
Batting: RHB Sam Khalifa
|
0-0: Fly out, F7 (Flyball, 78D, EV 104.4 MPH)
|
|
Batting: RHB Gary Gill
|
0-0: Ball 1-0: Ball Tony Woods steals 3rd base 2-0: Ground out 5-3 (Groundball, 56, EV 87.5 MPH) Tony Woods scores
|
|
Batting: LHB Keith Ross
|
0-0: SINGLE (Groundball, 4M, EV 83.1 MPH) (infield hit)
|
|
Batting: RHB Juan Velazquez
|
0-0: Fielders Choice at 2nd, 5-4 (Groundball, 5, EV 83.1 MPH)
|
| Bottom of the 1st over - 1 run, 2 hits, 0 errors, 1 left on base; Blacksburg 5 - Waynesboro 1 |
| TOP OF THE 2ND |
|
Blacksburg Tribe batting - Pitching for Waynesboro Braves : RHP Scott Skripko
|
|
Batting: RHB Jesus Alcala
|
0-0: Ball 1-0: Ground out 4-3 (Groundball, 4S, EV 83.8 MPH)
|
|
Batting: SHB Luis Martinez
|
0-0: Ball 1-0: Ball 2-0: Foul Ball, location: 2F 2-1: SINGLE (Line Drive, 78S, EV 96.3 MPH)
|
|
Batting: LHB George Cecchetti
|
0-0: Called Strike Luis Martinez is caught stealing 2nd base 2-6 0-1: DOUBLE (Flyball, 78XD, EV 104.4 MPH)
|
|
Batting: RHB Alwin Creel
|
0-0: Called Strike 0-1: 2-RUN HOME RUN (Flyball, 9LD, EV 93.1 MPH), Distance : 349 ft
|
|
Batting: RHB Omar Mora
|
0-0: Ball 1-0: Called Strike 1-1: Called Strike 1-2: SINGLE (Groundball, 56S, EV 75.0 MPH) (infield hit)
|
|
Batting: LHB Jose Infante
|
0-0: Ball 1-0: Called Strike 1-1: Ball 2-1: Ball 3-1: SINGLE (Groundball, 56D, EV 100.0 MPH) Omar Mora to second
|
|
Batting: RHB Mike Isherwood
|
0-0: Ball 1-0: SINGLE (Line Drive, 6D, EV 104.4 MPH) Omar Mora to third Jose Infante to second
|
|
Batting: RHB Michael Lanum
|
0-0: Ball 1-0: Ball 2-0: Ball Wild Pitch! Omar Mora scores Jose Infante to third Mike Isherwood to second 3-0: Called Strike 3-1: Foul Ball, location: 2F 3-2: Foul Ball, location: 2F 3-2: Base on Balls
|
|
Pitching: RHP Mauricio Nunez
|
|
|
Batting: RHB Angel Rodriguez
|
0-0: Ball 1-0: Fly out, F7 (Line Drive, 7, EV 90.0 MPH)
|
| Top of the 2nd over - 3 runs, 6 hits, 0 errors, 3 left on base; Blacksburg 8 - Waynesboro 1 |
| BOTTOM OF THE 2ND |
|
Waynesboro Braves batting - Pitching for Blacksburg Tribe : RHP Fernando Perez
|
|
Batting: RHB Roberto Carrero
|
0-0: Ball 1-0: Ground out U3 (Groundball, 34, EV 98.1 MPH)
|
|
Batting: RHB Thomas Walker
|
0-0: Foul Ball, location: 2F 0-1: Called Strike 0-2: Ball 1-2: Foul Ball, location: 2F 1-2: Ball 2-2: Foul Ball, location: 2F 2-2: Foul Ball, location: 2F 2-2: Fly out, F8 (Line Drive, 8LM, EV 100.0 MPH)
|
|
Batting: LHB Christopher Serazio
|
0-0: Ground out 6-3 (Groundball, 6, EV 89.4 MPH)
|
| Bottom of the 2nd over - 0 runs, 0 hits, 0 errors, 0 left on base; Blacksburg 8 - Waynesboro 1 |
| TOP OF THE 3RD |
|
Blacksburg Tribe batting - Pitching for Waynesboro Braves : RHP Mauricio Nunez
|
|
Batting: RHB Jesus Alcala
|
0-0: Ball 1-0: Ground out 3-1 (Groundball, 34S, EV 88.1 MPH)
|
|
Batting: SHB Luis Martinez
|
0-0: Foul Ball, location: 2F 0-1: Ground out 4-3 (Groundball, 4, EV 101.9 MPH)
|
|
Batting: LHB George Cecchetti
|
0-0: Ball 1-0: Swinging Strike 1-1: Foul Ball, location: 2F 1-2: Foul Ball, location: 2F 1-2: Ball 2-2: Ground out U3 (Groundball, 3, EV 106.3 MPH)
|
| Top of the 3rd over - 0 runs, 0 hits, 0 errors, 0 left on base; Blacksburg 8 - Waynesboro 1 |
| BOTTOM OF THE 3RD |
|
Waynesboro Braves batting - Pitching for Blacksburg Tribe : RHP Fernando Perez
|
|
Batting: RHB Andres Amoros
|
0-0: Ball 1-0: Ball 2-0: Swinging Strike 2-1: Foul Ball, location: 2F 2-2: Foul Ball, location: 2F 2-2: Ball 3-2: Base on Balls
|
|
Batting: RHB Tony Woods
|
0-0: Ball Andres Amoros steals 2nd base (no throw) 1-0: Ball 2-0: Fly out, F5 (Popup, 15, EV 84.4 MPH)
|
|
Batting: RHB Sam Khalifa
|
0-0: SINGLE (Groundball, 4MD, EV 95.0 MPH) Andres Amoros to third Runner from 3rd tries for Home, SAFE, throw by CF to home Sam Khalifa to second
|
|
Batting: RHB Gary Gill
|
0-0: Foul Ball, location: 2F 0-1: Ball 1-1: Called Strike 1-2: DOUBLE (Line Drive, 89XD, EV 96.9 MPH) Sam Khalifa scores
|
|
Batting: LHB Keith Ross
|
0-0: Ball 1-0: Swinging Strike 1-1: Foul Ball, location: 2F 1-2: Ground out 5-3 (Groundball, 25, EV 78.8 MPH)
|
|
Batting: RHB Juan Velazquez
|
0-0: Ball 1-0: Called Strike 1-1: Foul Ball, location: 2F 1-2: Foul Ball, location: 2F 1-2: Foul Ball, location: 2F 1-2: Ground out 3-1 (Groundball, 34, EV 105.0 MPH)
|
| Bottom of the 3rd over - 2 runs, 2 hits, 0 errors, 1 left on base; Blacksburg 8 - Waynesboro 3 |
| TOP OF THE 4TH |
|
Blacksburg Tribe batting - Pitching for Waynesboro Braves : RHP Mauricio Nunez
|
|
Batting: RHB Alwin Creel
|
0-0: Ball 1-0: Foul Ball, location: 2F 1-1: Ball 2-1: Ball 3-1: Foul Ball, location: 2F 3-2: Base on Balls
|
|
Batting: RHB Omar Mora
|
0-0: Ball 1-0: Called Strike 1-1: Ball 2-1: Ball 3-1: Foul Ball, location: 2F 3-2: Grounds into double play, 6-4-3 (Groundball, 56D, EV 86.9 MPH)
|
|
Batting: LHB Jose Infante
|
0-0: Ball 1-0: Ball 2-0: Ball 3-0: Base on Balls
|
|
Batting: RHB Mike Isherwood
|
0-0: Ball 1-0: Ball 2-0: Called Strike 2-1: Foul Ball, location: 2F 2-2: Foul Ball, location: 2F 2-2: Foul Ball, location: 2F 2-2: Fielders Choice at 2nd, 6-4 (Groundball, 56, EV 102.5 MPH)
|
| Top of the 4th over - 0 runs, 0 hits, 0 errors, 1 left on base; Blacksburg 8 - Waynesboro 3 |
| BOTTOM OF THE 4TH |
|
Waynesboro Braves batting - Pitching for Blacksburg Tribe : RHP Fernando Perez
|
|
Batting: RHB Roberto Carrero
|
0-0: Ball 1-0: Called Strike 1-1: Ground out 5-3 (Groundball, 56S, EV 80.0 MPH)
|
|
Batting: RHB Thomas Walker
|
0-0: Foul Ball, location: 2F 0-1: Swinging Strike 0-2: Ball 1-2: Foul Ball, location: 2F 1-2: Ground out 5-3 (Groundball, 5, EV 80.6 MPH)
|
|
Batting: LHB Christopher Serazio
|
0-0: Called Strike 0-1: Foul Ball, location: 2F 0-2: Ball 1-2: Fly out, F8 (Flyball, 8LD, EV 100.6 MPH)
|
| Bottom of the 4th over - 0 runs, 0 hits, 0 errors, 0 left on base; Blacksburg 8 - Waynesboro 3 |
| TOP OF THE 5TH |
|
Blacksburg Tribe batting - Pitching for Waynesboro Braves : RHP Mauricio Nunez
|
|
Batting: RHB Michael Lanum
|
0-0: Fly out, F9 (Flyball, 89S, EV 81.3 MPH)
|
|
Batting: RHB Angel Rodriguez
|
0-0: Ball 1-0: DOUBLE (Groundball, 5L, EV 99.4 MPH)
|
|
Batting: RHB Jesus Alcala
|
0-0: Swinging Strike Balk! Angel Rodriguez to third 0-1: Ball 1-1: Swinging Strike 1-2: Ball 2-2: Ball 3-2: SINGLE (Groundball, 15S, EV 62.5 MPH) (infield hit)
|
|
Batting: SHB Luis Martinez
|
0-0: Ball 1-0: Ball 2-0: Ball 3-0: Base on Balls Jesus Alcala to second
|
|
Batting: LHB George Cecchetti
|
0-0: Called Strike 0-1: Foul Ball, location: 2F 0-2: Ball 1-2: Ball 2-2: DOUBLE (Line Drive, 89D, EV 106.9 MPH) Angel Rodriguez scores Jesus Alcala scores Luis Martinez to third Runner from 3rd tries for Home, SAFE, no throw by CF
|
|
Batting: RHB Alwin Creel
|
0-0: Swinging Strike 0-1: Ball 1-1: Ball Wild Pitch! George Cecchetti to third 2-1: Foul Ball, location: 2F 2-2: Ball 3-2: Base on Balls
|
|
Batting: RHB Omar Mora
|
0-0: Ball 1-0: Grounds into double play, 5-4-3 (Groundball, 56D, EV 88.1 MPH)
|
| Top of the 5th over - 3 runs, 3 hits, 0 errors, 1 left on base; Blacksburg 11 - Waynesboro 3 |
| BOTTOM OF THE 5TH |
|
Waynesboro Braves batting - Pitching for Blacksburg Tribe : RHP Fernando Perez
|
|
Batting: RHB Andres Amoros
|
0-0: Swinging Strike 0-1: Ball 1-1: Ball 2-1: SINGLE (Groundball, 6MD, EV 109.4 MPH)
|
|
Batting: RHB Tony Woods
|
0-0: Called Strike Andres Amoros steals 2nd base (no throw) 0-1: Ball 1-1: Foul Ball, location: 2F 1-2: DOUBLE (Line Drive, 3D, EV 107.5 MPH) Andres Amoros scores
|
|
Batting: RHB Sam Khalifa
|
0-0: Fly out, F8 (Flyball, 8RD, EV 82.5 MPH)
|
|
Batting: RHB Gary Gill
|
0-0: Called Strike 0-1: Ball 1-1: Ball 2-1: Ground out 6-3 (Groundball, 6D, EV 100.0 MPH)
|
|
Batting: LHB Keith Ross
|
0-0: Ball 1-0: Called Strike 1-1: Ball 2-1: Ball 3-1: Base on Balls
|
|
Batting: RHB Juan Velazquez
|
0-0: Fly out, F8 (Flyball, 8LM, EV 79.4 MPH)
|
| Bottom of the 5th over - 1 run, 2 hits, 0 errors, 2 left on base; Blacksburg 11 - Waynesboro 4 |
| TOP OF THE 6TH |
|
Blacksburg Tribe batting - Pitching for Waynesboro Braves : RHP Mauricio Nunez
|
|
Pitching: RHP Brent Wittmayer
|
|
|
Batting: LHB Jose Infante
|
0-0: Foul Ball, location: 2F 0-1: Ground out 6-3 (Groundball, 6, EV 77.5 MPH)
|
|
Batting: RHB Mike Isherwood
|
0-0: Foul Ball, location: 2F 0-1: Ball 1-1: Ball 2-1: SINGLE (Groundball, 56D, EV 99.4 MPH)
|
|
Batting: RHB Michael Lanum
|
0-0: Fielders Choice at 2nd, 3-6 (Groundball, 34, EV 91.9 MPH)
|
|
Batting: RHB Angel Rodriguez
|
0-0: Ball 1-0: Ball 2-0: Fly out, F8 (Flyball, 78M, EV 87.5 MPH)
|
| Top of the 6th over - 0 runs, 1 hit, 0 errors, 1 left on base; Blacksburg 11 - Waynesboro 4 |
| BOTTOM OF THE 6TH |
|
Waynesboro Braves batting - Pitching for Blacksburg Tribe : RHP Fernando Perez
|
|
Batting: RHB Roberto Carrero
|
0-0: Ball 1-0: Fly out, F4 (Line Drive, 4, EV 76.3 MPH)
|
|
Batting: RHB Thomas Walker
|
0-0: Foul Ball, location: 2F 0-1: Called Strike 0-2: Ball 1-2: Ground out 6-3 (Groundball, 6, EV 80.6 MPH)
|
|
Batting: LHB Christopher Serazio
|
0-0: Called Strike 0-1: Called Strike 0-2: Ball 1-2: Foul Ball, location: 2F 1-2: Ball 2-2: Ball 3-2: Strikes out looking
|
| Bottom of the 6th over - 0 runs, 0 hits, 0 errors, 0 left on base; Blacksburg 11 - Waynesboro 4 |
| TOP OF THE 7TH |
|
Blacksburg Tribe batting - Pitching for Waynesboro Braves : RHP Brent Wittmayer
|
|
Pinch Hitting: LHB Butch Kirby
|
0-0: Ball 1-0: Called Strike 1-1: SINGLE (Line Drive, 6M, EV 99.4 MPH)
|
|
Batting: SHB Luis Martinez
|
0-0: Ball 1-0: Called Strike 1-1: Fielders Choice at 2nd, 4-6 (Groundball, 4, EV 83.8 MPH)
|
|
Batting: LHB George Cecchetti
|
0-0: Ball 1-0: Fielders Choice at 2nd, 4-6 (Groundball, 4MD, EV 78.8 MPH)
|
|
Batting: RHB Alwin Creel
|
0-0: Ball 1-0: Ball 2-0: Ball 3-0: Base on Balls George Cecchetti to second
|
|
Batting: RHB Omar Mora
|
0-0: Foul Ball, location: 2F 0-1: Ground out 6-3 (Groundball, 6S, EV 71.9 MPH)
|
| Top of the 7th over - 0 runs, 1 hit, 0 errors, 2 left on base; Blacksburg 11 - Waynesboro 4 |
| BOTTOM OF THE 7TH |
|
Waynesboro Braves batting - Pitching for Blacksburg Tribe : RHP Fernando Perez
|
|
Now at 2B: Gary Miller-Jones
|
|
|
Now at 3B: Butch Kirby
|
|
|
Batting: RHB Andres Amoros
|
0-0: Swinging Strike 0-1: Ball 1-1: Ball 2-1: Ball 3-1: Foul Ball, location: 2F 3-2: Strikes out swinging
|
|
Batting: RHB Tony Woods
|
0-0: Called Strike 0-1: Ball 1-1: Foul Ball, location: 2F 1-2: Ball 2-2: Reached on error, E6 (Groundball, 56, EV 83.8 MPH)
|
|
Batting: RHB Sam Khalifa
|
0-0: Called Strike 0-1: Ball Wild Pitch! Tony Woods to second 1-1: Ground out 4-3 (Groundball, 34, EV 102.5 MPH) Tony Woods to third
|
|
Batting: RHB Gary Gill
|
0-0: Ball 1-0: Called Strike 1-1: Fly out, F5 (Line Drive, 5, EV 64.4 MPH)
|
| Bottom of the 7th over - 0 runs, 0 hits, 1 error, 1 left on base; Blacksburg 11 - Waynesboro 4 |
| TOP OF THE 8TH |
|
Blacksburg Tribe batting - Pitching for Waynesboro Braves : RHP Brent Wittmayer
|
|
Batting: LHB Jose Infante
|
0-0: Called Strike 0-1: Foul Ball, location: 2F 0-2: Ball 1-2: Ball 2-2: Ball 3-2: SINGLE (Groundball, 6S, EV 73.1 MPH) (infield hit)
|
|
Batting: RHB Mike Isherwood
|
0-0: Called Strike 0-1: Fly out, F8 (Flyball, 8LD, EV 92.5 MPH)
|
|
Batting: RHB Michael Lanum
|
0-0: Ball 1-0: Swinging Strike 1-1: Swinging Strike 1-2: Ball Wild Pitch! Jose Infante to second 2-2: Foul Ball, location: 2F 2-2: Ball 3-2: Fly out, F9 (Line Drive, 9, EV 103.8 MPH)
|
|
Batting: RHB Angel Rodriguez
|
0-0: Called Strike 0-1: Ball 1-1: Ground out 2-3 (Groundball, 15S, EV 62.5 MPH)
|
| Top of the 8th over - 0 runs, 1 hit, 0 errors, 1 left on base; Blacksburg 11 - Waynesboro 4 |
| BOTTOM OF THE 8TH |
|
Waynesboro Braves batting - Pitching for Blacksburg Tribe : RHP Fernando Perez
|
|
Batting: LHB Keith Ross
|
0-0: Ball 1-0: Ball 2-0: Ground out 4-3 (Groundball, 4D, EV 99.4 MPH)
|
|
Batting: RHB Juan Velazquez
|
0-0: Ground out 6-3 (Groundball, 56D, EV 83.8 MPH)
|
|
Batting: RHB Roberto Carrero
|
0-0: Called Strike 0-1: Ball 1-1: Swinging Strike 1-2: SINGLE (Flyball, 9, EV 91.9 MPH)
|
|
Batting: RHB Thomas Walker
|
0-0: Ball 1-0: Ball 2-0: Foul Ball, location: 2F 2-1: Called Strike 2-2: Ground out 6-3 (Groundball, P, EV 81.3 MPH)
|
| Bottom of the 8th over - 0 runs, 1 hit, 0 errors, 1 left on base; Blacksburg 11 - Waynesboro 4 |
| TOP OF THE 9TH |
|
Blacksburg Tribe batting - Pitching for Waynesboro Braves : RHP Brent Wittmayer
|
|
Batting: LHB Butch Kirby
|
0-0: DOUBLE (Line Drive, 5D, EV 104.4 MPH)
|
|
Batting: SHB Gary Miller-Jones
|
0-0: SINGLE (Line Drive, 6MD, EV 93.8 MPH) Butch Kirby to third Runner from 3rd tries for Home, SAFE, throw by CF to home
|
|
Batting: LHB George Cecchetti
|
0-0: Ball 1-0: Fly out, F8 (Flyball, 8RM, EV 95.6 MPH)
|
|
Batting: RHB Alwin Creel
|
0-0: Ball 1-0: Ball 2-0: Ball 3-0: Called Strike 3-1: Base on Balls Gary Miller-Jones to second
|
|
Batting: RHB Omar Mora
|
0-0: Ball 1-0: Called Strike 1-1: Foul Ball, location: 2F 1-2: Ball 2-2: SINGLE (Line Drive, 89M, EV 103.1 MPH) Gary Miller-Jones to third Alwin Creel to second Runner from 3rd tries for Home, SAFE, throw by CF to home
|
|
Batting: LHB Jose Infante
|
0-0: Ball 1-0: Called Strike 1-1: Ball 2-1: Ball 3-1: Base on Balls Alwin Creel to third Omar Mora to second
|
|
Pitching: RHP Mike Norment
|
|
|
Batting: RHB Mike Isherwood
|
0-0: Ball 1-0: Called Strike 1-1: Foul Ball, location: 2F 1-2: Foul Ball, location: 2F 1-2: Grounds into double play, 4-6-3 (Groundball, 4M, EV 90.0 MPH)
|
| Top of the 9th over - 2 runs, 3 hits, 0 errors, 2 left on base; Blacksburg 13 - Waynesboro 4 |
| BOTTOM OF THE 9TH |
|
Waynesboro Braves batting - Pitching for Blacksburg Tribe : RHP Fernando Perez
|
|
Batting: LHB Christopher Serazio
|
0-0: Foul Ball, location: 2F 0-1: Foul Ball, location: 2F 0-2: Ball 1-2: Foul Ball, location: 2F 1-2: Ball 2-2: Ball 3-2: Ground out 5-3 (Groundball, 56, EV 99.4 MPH)
|
|
Batting: RHB Andres Amoros
|
0-0: Ball 1-0: Foul Ball, location: 2F 1-1: Ball 2-1: Ground out 4-3 (Groundball, 4, EV 94.4 MPH)
|
|
Batting: RHB Tony Woods
|
0-0: Called Strike 0-1: Foul Ball, location: 2F 0-2: Ball 1-2: Ball 2-2: Foul Ball, location: 2F 2-2: Foul Ball, location: 2F 2-2: Foul Ball, location: 2F 2-2: Foul Ball, location: 2F 2-2: Ball 3-2: Ground out 6-3 (Groundball, 6M, EV 78.8 MPH)
|
| Bottom of the 9th over - 0 runs, 0 hits, 0 errors, 0 left on base; Blacksburg 13 - Waynesboro 4 |
|